AoeStats
← ninja88haver

MegaRandom

509694662Analyzed
2v2 RM · 6d ago on Sep 27, 2026· 62m 32s· 4 players
Game mode
Random Map
Map size
Medium (4 player)
Population
200
Speed
Normal
Resources
Standard
Victory
Conquest
Starting age
Dark Age
Ending age
Imperial Age
RankedLock teamsTeams togetherTeam positionsShared explorationLock speedFull tech treeHidden civsTurbo modeCheats
Victory
Defeat
🇭🇺 Persians · Hungary
483
+15
🇭🇺 Burgundians · Hungary
483
+15
🇺🇸 Hindustanis · United States
497
-16
🇲🇽 Mongols · Mexico
446
-14
NWI Nutball
Davidmexicano89
12:39 Feudal Age
14:37 Arson
14:14 Man-at-Arms
16:43 Wheelbarrow
16:09 Double-Bit Axe
21:34 Castle Age
22:48 Bloodlines
25:31 Husbandry
24:52 Light Cavalry
24:56 Crossbowman
25:00 Long Swordsman
29:19 Hand Cart
29:23 Loom
34:33 Horse Collar
38:50 Scale Barding Armor
38:46 Scale Mail Armor
42:20 Heavy Plow
42:22 Pikeman
43:03 Squires
46:54 Nomads
56:28 Gold Mining
56:28 Stone Mining
57:32 Stone Mining
58:18 Gold Shaft Mining
64:12 Imperial Age
ninja88haver
0:48 Loom
10:19 Feudal Age
15:00 Town Watch
15:47 Gold Mining
15:50 Stone Mining
20:01 Double-Bit Axe
22:30 Horse Collar
28:00 Castle Age
30:56 Heavy Plow
31:38 Gold Shaft Mining
31:39 Stone Shaft Mining
41:39 Wheelbarrow
43:55 Imperial Age
44:21 Town Patrol
44:45 Hand Cart
45:13 Hand Cart
45:00 Town Patrol
47:27 Elite War Elephant
48:31 Conscription
51:30 Chemistry
53:27 Murder Holes
szmate88
12:46 Feudal Age
12:34 Double-Bit Axe
15:57 Bow Saw
15:37 Horse Collar
20:31 Heavy Plow
29:17 Castle Age
33:53 Two-Man Saw
34:31 Husbandry
33:55 Cavalier
34:05 Light Cavalry
39:26 Stone Mining
39:26 Gold Mining
44:32 Stone Shaft Mining
44:32 Gold Shaft Mining
48:16 Imperial Age
46:43 Scale Barding Armor
46:39 Padded Archer Armor
46:30 Fletching
46:50 Forging
46:42 Scale Mail Armor
47:15 Ballistics
46:48 Guard Tower
47:12 Fortified Wall
50:01 Chemistry
50:53 Chain Barding Armor
50:49 Leather Archer Armor
50:30 Bodkin Arrow
51:37 Hussar
53:07 Crop Rotation
54:23 Plate Barding Armor
55:51 Paladin
Connection lost

Rejoining the realm…

Still unreachable

The connection could not be restored.

Session expired

The server has moved on; the page needs a fresh start.